Map: Ever Dream LE

Players

Garitos

  • Race: Zerg Zerg
  • League: Grandmaster
  • Spawn Location: 7:00

Serral - Winner!

  • Race: Zerg Zerg
  • League: Master
  • Spawn Location: 1:00

Event: DreamHack SC2 Masters 2020 Fall

VOD

Have the link to the VOD?

Description

Time

  • Played on: Sept. 6, 2020, 11:59 a.m.
  • Length: 7:38

All games in this series

Show
View Real Time Build Order
Export as new Build Order

Garitos Zerg 

Build Orders: Hatch First 

Get SALT Encoding   

  12  0:00  Drone  
  13  0:12  Overlord  
  13  0:17  Drone  
  14  0:30  Drone x2  
  16  0:50  Hatchery  
  16  0:52  Drone  
  16  0:56  Drone  
  17  1:10  Spawning Pool  
  16  1:14  Drone  
  16  1:17  Drone  
  18  1:21  Drone  
  19  1:41  Drone  
  20  1:47  Extractor  
  19  1:56  Hatchery  
  19  1:57  Queen  
  20  2:05  Queen  
  20  2:08  Zergling x2  
  23  2:13  Drone  
  23  2:15  Drone  
  25  2:20  Drone  
  26  2:32  Overlord  
  26  2:35  Drone x2  
  28  2:52  Metabolic Boost  
  28  2:53  Drone x2  
  28  2:54  Drone  
  28  2:56  Drone  
  32  3:06  Evolution Chamber  
  32  3:10  Zergling x2  
  32  3:11  Zergling x6  
  35  3:18  Baneling Nest, Zergling x4  
  36  3:25  Roach Warren, Zergling x2  
  36  3:26  Zergling x2  
  37  3:36  Zergling x4  
  37  3:39  Roach Warren  
  39  3:47  Drone x2  
  42  3:50  Drone, Extractor  
  42  4:12  Overlord x2  
  42  4:22  Overlord x2  
  42  4:32  Drone  
  42  4:33  Drone x13  
  42  4:36  Zerg Melee Weapons Level 1  
  50  4:56  Queen x2, Evolution Chamber  
  50  5:13  Drone x3  
  53  5:20  Queen  
  55  5:21  Zerg Ground Armor Level 1  
  55  5:30  Zergling x10  
  55  5:31  Zergling x6  
  55  5:33  Zergling x2  
  64  5:39  Baneling Nest  
  64  5:42  Zergling x4  
  65  5:43  Zergling x4  
  65  5:44  Zergling x2  
  65  5:47  Zergling x2  
  69  5:52  Zergling x2  
  69  5:53  Zergling x2  
  72  5:57  Zergling x2  
  72  6:07  Zergling x2  
  72  6:08  Overlord  
  72  6:11  Zergling x2  
  73  6:13  Zergling x2  
  73  6:14  Zergling x4  
  72  6:26  Overlord x2  
  72  6:28  Zergling x2  
  68  6:36  Zergling x6  
  68  6:37  Zergling x2, Hatchery  
  68  6:39  Zergling x2  
  61  6:40  Zergling x4  
  60  6:47  Zergling x4  
  60  6:52  Baneling x2  
  61  6:57  Baneling x2, Zergling x4  
  61  6:58  Baneling x8  
  61  6:59  Baneling x2  
  63  7:04  Baneling x7  
  63  7:06  Zergling x2  
  63  7:08  Zergling x2  
  65  7:11  Zergling x2  
  65  7:12  Zergling x6  
  65  7:13  Zergling x4  
Show
View Real Time Build Order
Export as new Build Order

Serral Zerg - Winner!

Build Orders: Hatch First 

Get SALT Encoding   

  12  0:00  Drone  
  13  0:12  Overlord  
  13  0:16  Drone  
  14  0:30  Drone x2  
  16  0:49  Hatchery  
  15  0:51  Drone  
  15  0:54  Drone  
  17  1:08  Spawning Pool  
  17  1:11  Drone  
  17  1:13  Extractor  
  17  1:16  Drone  
  17  1:19  Drone  
  18  1:28  Drone  
  19  1:39  Drone  
  20  1:56  Queen  
  20  1:57  Overlord  
  20  2:00  Queen  
  24  2:01  Zergling x2  
  24  2:02  Drone  
  26  2:10  Drone  
  26  2:12  Drone  
  26  2:13  Metabolic Boost  
  28  2:22  Drone x2  
  30  2:34  Hatchery  
  29  2:37  Drone  
  29  2:40  Drone  
  29  2:44  Overlord  
  31  2:46  Drone  
  32  2:54  Drone  
  32  2:55  Drone  
  32  2:56  Evolution Chamber  
  33  3:04  Drone  
  34  3:06  Drone  
  34  3:08  Drone x4  
  34  3:11  Drone  
  40  3:14  Overlord  
  40  3:23  Queen  
  40  3:24  Drone  
  43  3:30  Roach Warren  
  43  3:33  Zergling x6  
  44  3:40  Drone x3  
  44  3:41  Extractor  
  47  3:42  Zergling x4  
  47  3:43  Zerg Missile Weapons Level 1  
  49  3:50  Overlord  
  49  3:54  Lair  
  49  3:57  Drone  
  50  4:07  Hatchery  
  50  4:10  Drone x4  
  50  4:11  Extractor  
  50  4:12  Roach x2  
  50  4:15  Roach  
  59  4:24  Evolution Chamber, Overlord  
  59  4:25  Overlord  
  59  4:26  Roach  
  59  4:31  Evolution Chamber  
  59  4:37  Overlord  
  60  4:43  Overlord  
  60  4:44  Roach  
  60  4:45  Roach x3  
  67  4:50  Hatchery  
  66  4:53  Roach x3  
  66  4:58  Glial Reconstitution, Overlord  
  72  5:05  Roach x2  
  76  5:11  Roach x2  
  76  5:12  Roach  
  80  5:16  Roach  
  82  5:21  Overlord  
  82  5:27  Roach x3  
  88  5:29  Overlord  
  88  5:37  Drone, Extractor  
  88  5:49  Drone x3  
  91  5:50  Roach x2, Zergling x2  
  91  5:51  Zergling x4  
  98  5:58  Roach x2  
  98  6:02  Roach  
  104  6:05  Roach  
  104  6:09  Roach x3  
  111  6:13  Roach x2  
  115  6:19  Evolution Chamber  
  115  6:22  Roach x3  
  114  6:26  Overlord  
  114  6:29  Roach x3  
  118  6:37  Roach x3  
  105  6:46  Roach x3  
  103  6:51  Drone  
  104  6:56  Queen x2  
  104  6:59  Roach  
  104  7:01  Roach  
  114  7:10  Roach  
  114  7:11  Roach  

Tags
 
Add a new tag
Caveats
  • Supply blocks, unpowered buildings, or Contaminate may cause inaccurate times.
  • Supply counts are checked every 10 seconds.